 Dungeon Sprint DCSS version 0.19.5 (webtiles) character file.

446 Mesmaeker13 the Grappler (level 6, 0/75 HPs)
             Began as a Troll Berserker on Apr 4, 2017.
             Was a Believer of Trog.
             Slain by Sonja
             ... wielding a +2 short sword of distortion
              (22 damage)
             ... in the Dungeon (Sprint I: "Red Sonja").
             The game lasted 00:01:38 (201 turns).

Mesmaeker13 the Grappler (Troll Berserker)           Turns: 201, Time: 00:01:39

Health: 0/75       AC:  5    Str: 28    XL:     6   Next: 73%
Magic:  5/5        EV: 10    Int:  3    God:    Trog [**....]
Gold:   297        SH:  0    Dex:  9    Spells: 0 memorised, 5 levels left

rFire  . . .     SeeInvis .       - Unarmed
rCold  . . .     Gourm    +     a - +0 animal skin
rNeg   . . .     Faith    .     (no shield)
rPois  .         Spirit   .     (helmet restricted)
rElec  .         Reflect  .     (no cloak)
rCorr  .         Harm     .     (gloves unavailable)
MR     ++...     NoTele   +     (boots unavailable)
Stlth  +.........               (no amulet)
                                (no ring)
                                (no ring)

@: regenerating, slowed, very slow
A: unfitting armour, claws 3, fast metabolism 3, gourmand, regeneration 1,
shaggy fur 1, tough skin 2
a: Berserk, Trog's Hand, Burn Spellbooks, Renounce Religion


You were in the Dungeon.
You worshipped Trog.
Trog was pleased with you.
You were very full.

You visited 1 branch You collected 297 gold pieces.

Inventory:

Armour
 a - a +0 animal skin (worn)
Scrolls
 h - a scroll of blinking
 j - a scroll of immolation {unknown}
Potions
 d - a potion of heal wounds
 e - a potion of haste
 f - 2 potions of magic
 g - a potion of berserk rage
 i - 2 potions of ambrosia {unknown}
Comestibles
 b - 2 bread rations


   Skills:
 + Level 9.0 Fighting
 - Level 2.4 Dodging
 + Level 10.7 Unarmed Combat


You had 5 spell levels left.
You didn't know any spells.

Dungeon Overview and Level Annotations

Branches:
Dungeon (1/1)

Altars:
Cheibriados
Dithmenos
Elyvilon
Fedhas
Gozag
Hepliaklqana
Kikubaaqudgha
Nemelex Xobeh
Okawaru
Qazlal
Ru
Sif Muna
Trog
Uskayaw
Vehumet
Yredelemnul
Zin
The Shining One

Shops:
D *

Annotations:
D Sonja


Innate Abilities, Weirdness & Mutations

You are too large for most types of armour.
You have claws for hands.
Your metabolism is lightning-fast.
You like to eat raw meat.
Your natural rate of healing is unusually fast.
You are covered in fur. (AC +1)
You have very tough skin. (AC +2)


Message History

Sonja wields an uncursed short sword of distortion.
Its appearance distorts for a moment.
Sonja hits you but does no damage.
You feel a strange sense of stasis. Sonja hits you but does no damage.
Space bends around you. Sonja hits you but does no damage.
Space bends around you.
Sonja hits you with an uncursed short sword of distortion!
You feel a strange sense of stasis.
Sonja hits you with an uncursed short sword of distortion.
Space bends around you.
Sonja hits you with an uncursed short sword of distortion.
You feel a strange sense of stasis.
You feel better.
Sonja hits you with an uncursed short sword of distortion!
Space bends around you.
Sonja hits you with an uncursed short sword of distortion.
You feel a strange sense of stasis.
Sonja hits you with an uncursed short sword of distortion. x4
* * * LOW HITPOINT WARNING * * *
Space warps horribly around you!
You die...

################
#<.#..').#..'..#
#..'†.#..').#..+
#..#####'#####'#
#..####..#...#[#
#..#__####..##.#
#..#_____##'#..+
#⌠⌠#_.∩...'..._#
####_..__##K@#+#
#_____###'#
####### #.# $.$
$.$ ##.## #+#


You could see Sonja.

Vanquished Creatures
  Sigmund (D)
  A yak (D)
  An ogre (D)
  A jelly (D)
  Ijyb (D)
5 creatures vanquished.

Notes
Turn   | Place    | Note
-------+----------+-------------------------------------------
     0 | D        | Mesmaeker13 the Troll Berserker began the quest for the Orb.
     0 | D        | Reached XP level 1. HP: 22/22 MP: 0/0
     1 | D        | Noticed Ijyb
    18 | D        | Killed Ijyb
    18 | D        | Reached skill level 5 in Unarmed Combat
    18 | D        | Reached XP level 2. HP: 27/32 MP: 1/1
    28 | D        | Noticed an ogre
    33 | D        | Killed an ogre
    33 | D        | Reached skill level 5 in Fighting
    33 | D        | Reached skill level 7 in Unarmed Combat
    33 | D        | Reached XP level 3. HP: 28/44 MP: 2/2
    33 | D        | Reached XP level 4. HP: 34/52 MP: 3/3
    76 | D        | Noticed Sigmund
    82 | D        | Killed Sigmund
    82 | D        | Reached ** piety under Trog
    82 | D        | Reached skill level 9 in Unarmed Combat
    82 | D        | Reached XP level 5. HP: 38/63 MP: 4/4
   137 | D        | Found a deep blue altar of Sif Muna.
   139 | D        | Found a radiant altar of Vehumet.
   143 | D        | Reached XP level 6. HP: 58/72 MP: 5/5
   184 | D        | Found Ixzucynk's General Store.
   184 | D        | Found an ancient bone altar of Kikubaaqudgha.
   184 | D        | Found a hazy altar of Hepliaklqana.
   184 | D        | Found a hide-covered altar of Uskayaw.
   184 | D        | Found a basalt altar of Yredelemnul.
   184 | D        | Found an opulent altar of Gozag.
   184 | D        | Found a snail-covered altar of Cheibriados.
   184 | D        | Found a sacrificial altar of Ru.
   184 | D        | Found a shadowy altar of Dithmenos.
   184 | D        | Noticed a yak
   186 | D        | Killed a yak
   186 | D        | Reached skill level 10 in Unarmed Combat
   187 | D        | Found a stormy altar of Qazlal.
   187 | D        | Found a blossoming altar of Fedhas.
   187 | D        | Found a bloodstained altar of Trog.
   187 | D        | Found an iron altar of Okawaru.
   187 | D        | Found a glowing golden altar of the Shining One.
   187 | D        | Found a glowing silver altar of Zin.
   187 | D        | Found a white marble altar of Elyvilon.
   188 | D        | Found a sparkling altar of Nemelex Xobeh.
   198 | D        | Noticed Sonja
   201 | D        | Slain by Sonja

Skill      XL: |  1  2  3  4  5  6 |
---------------+-------------------+-----
Fighting       | 4 5 7 8 9 |  9.0
Unarmed Combat | 5 7 9 10 | 10.7
Dodging        | |  2.4

Action                   |  1- 3 |  4- 6 || total
-------------------------+-------+-------++-------
Melee: Unarmed           |    20 |    11 ||    31
       Punch             |       |     1 ||     1
Invok: Trog's Hand       |       |     1 ||     1
  Use: Potion            |       |     1 ||     1
  Eat: Chunk             |       |     6 ||     6
Armor: Animal skin       |     7 |     5 ||    12
Dodge: Dodged            |     6 |     1 ||     7
